 Dungeon Crawl Stone Soup version 0.31-a0-83-gbff143cfd1 (webtiles) character file.

Game seed: 17090026046337959706

20 senseless the Trooper (level 2, -2/31 HPs)
             Began as an Ogre Warper on May 24, 2023.
             Slain by a quokka (3 damage)
             ... on level 1 of the Dungeon.
             The game lasted 00:01:30 (518 turns).

senseless the Trooper (Ogre Warper)                  Turns: 518, Time: 00:01:31

Health: -2/31      AC:  3    Str: 14    XL:     2   Next: 79%
Magic:  5/5        EV: 10    Int: 14    God:
Gold:   58         SH:  0    Dex:  8    Spells: 4/6 levels left

rFire   . . .        a - +0 mace
rCold   . . .        (no shield)
rNeg    . . .        b - +0 robe
rPois   .            (helmet restricted)
rElec   .            (no cloak)
rCorr   .            (gloves unavailable)
SInv    .            (boots unavailable)
Will    .....        (no amulet)
Stlth   +            (no ring)
HPRegen 0.25/turn    (no ring)
MPRegen 0.09/turn

%: no passive effects
@: no status effects
A: large, unfitting armour, tough skin 1
a: no special abilities


You were on level 1 of the Dungeon.
You visited 1 branch of the dungeon, and saw 1 of its levels.

You collected 58 gold pieces.

Inventory:

Hand Weapons
 a - a +0 mace (weapon)
Missiles
 d - 7 boomerangs of dispersal (quivered)
Armour
 b - a +0 robe (worn)
Scrolls
 c - a scroll of blinking
 e - a scroll of noise {unknown}
Potions
 f - a potion of resistance {unknown}


   Skills:
 * Level 3.3 Fighting
 + Level 1.9 Maces & Flails
 - Level 1.0 Throwing
 + Level 2.3 Dodging
 + Level 2.7 Spellcasting
 + Level 2.9 Translocations


You had 4 spell levels left.
You knew the following spells:

 Your Spells              Type           Power      Damage    Failure   Level
a - Blink                 Tloc           20%        N/A       10%         2

Your spell library contained the following spells:

 Spells                   Type           Power      Damage    Failure   Level
 Lesser Beckoning         Tloc           20%        N/A       10%         2
 Teleport Other           Tloc           10%        N/A       21%         3
 Vhi's Electric Charge    Tloc/Air       10%        N/A       38%         3
 Manifold Assault         Tloc           10%        N/A       54%         4


Dungeon Overview and Level Annotations

Branches:
Dungeon (1/15)

Altars:

Shops:
D:1 *


Innate Abilities, Weirdness & Mutations

You are too large for most types of armour.
You have tough skin. (AC +1)


Message History

You closely miss the quokka.
The quokka is severely wounded.
The quokka bites you. The dart slug bites you.
You are too injured to fight recklessly!
You are too injured to fight recklessly!
You are too injured to fight recklessly!
You are too injured to fight recklessly!
You are too injured to fight recklessly!
You are too injured to fight recklessly!
You are too injured to fight recklessly!
You are too injured to fight recklessly!
You are too injured to fight recklessly!
You are too injured to fight recklessly!
You are too injured to fight recklessly!
You are too injured to fight recklessly!
You are too injured to fight recklessly!
You are too injured to fight recklessly!
You are too injured to fight recklessly!
You are too injured to fight recklessly!
You are too injured to fight recklessly!
You are too injured to fight recklessly!
You closely miss the quokka.
The quokka is severely wounded.
The quokka barely misses you. The quokka misses you. The dart slug bites you.
You barely miss the quokka.
The quokka is severely wounded.
The quokka bites you.
* * * LOW HITPOINT WARNING * * *
The dart slug launches a dart at you. The slug dart hits you.
* * * LOW HITPOINT WARNING * * *
You hit the quokka.
You kill the quokka!
The bat barely misses you. The dart slug barely misses you.
You hit the dart slug but do no damage. The quokka bites you.
* * * LOW HITPOINT WARNING * * *
You hit the dart slug but do no damage. The quokka bites you.
* * * LOW HITPOINT WARNING * * *
The dart slug completely misses you. The quokka bites you.
You die...

#...... ......$#..
#...... ......#.#
#......
.....#.########..†...
....#.#.........####
. ..........>....# #.
. bg.##.........####
#. #rw##.......##...#
#.##@# #.......##....
#.#..# #.......##....
#....# #......##.....
##...# #####.###....♣
#. ###.## #.##....<.
#.###...## #.##......
..#.....#..#
#.##......
...........#
#...###...
..........†.##
#.#.#####.


You could see a dart slug, a quokka, a hobgoblin and a bat.

Vanquished Creatures
  A ball python (D:1)
  2 bats (D:1)
  4 goblins (D:1)
  4 hobgoblins (D:1)
  2 quokkas (D:1)
  A frilled lizard (D:1)
  A kobold (D:1)
  A rat (D:1)
16 creatures vanquished.

Notes
Turn   | Place    | Note
-------+----------+-------------------------------------------
     0 | D:1      | senseless the Ogre Warper began the quest for the Orb.
     0 | D:1      | Reached XP level 1. HP: 22/22 MP: 3/3
   133 | D:1      | Found Moemobb's General Store.
   235 | D:1      | Reached skill level 3 in Fighting
   242 | D:1      | Reached XP level 2. HP: 30/31 MP: 5/5
   250 | D:1      | Learned a level 2 spell: Blink
   518 | D:1      | HP: 1/31 [quokka (3)]
   518 | D:1      | Slain by a quokka

Illustrated notes

Levels and vault maps discovered:
D:1:      spicycebolla_green_bress_n_ham, layout_rooms, serial_shops, shop

Skill      XL: |  1 |
---------------+----+-----
Fighting       | 3 |  3.3
Maces & Flails | |  1.9
Throwing       | |  1.0
Dodging        | |  2.3
Spellcasting   | |  2.7
Translocations | |  2.9

Action                     || total
---------------------------++-------
  Melee: Mace              ||    51
 Armour: Robe              ||    16
  Dodge: Dodged            ||    29

Table legend: (Time is in decaauts)
 A = Elapsed time spent in this place.
 B = Non-inter-level travel time spent in this place.
 C = Inter-level travel time spent in this place.
 D = Time resting spent in this place.
 E = Time spent auto-exploring this place.
 F = Levels seen in this place.
 G = Mean time per level.
                   A        B        C        D        E       F      G
               +--------+--------+--------+--------+--------+-----+--------+
         Total |    533 |    533 |      0 |      0 |    417 |   1 |  533.0 |
       Dungeon |    533 |    533 |      0 |      0 |    417 |   1 |  533.0 |
               +--------+--------+--------+--------+--------+-----+--------+

Top non-repeatable levels by time:
     D:1: 533 daAuts
